 Dungeon Crawl Stone Soup version 0.27.1-16-g815e20cd7a (webtiles) character file.

Game seed: 9384569861241443240

104 McKennaii the Magician (level 5, -5/37 HPs)
             Began as a Djinni Fire Elementalist on Nov 22, 2021.
             Killed by divine providence
             ... invoked by an orc priest
              (15 damage)
             ... on level 3 of the Dungeon.
             The game lasted 00:02:16 (3025 turns).

McKennaii the Magician (Djinni Fire Elementalist)   Turns: 3025, Time: 00:02:16

Health: -5/37      AC:  2    Str:  7    XL:     5   Next: 7%
Gold:   133        EV: 12    Int: 18    God:
                   SH:  0    Dex: 13

rFire    + + .     SeeInvis .   (no weapon)
rCold    x . .     Faith    .   (no shield)
rNeg     . . .     Spirit   .   a - +0 robe
rPois    ∞         Reflect  .   (no helmet)
rElec    .         Harm     .   (no cloak)
rCorr    .         Rampage  .   (no gloves)
Will     .....                  (boots unavailable)
Stlth    ++........             (no amulet)
HPRegen  0.12/turn              (no ring)
MPRegen  0.00/turn              (no ring)

@: flying, very slightly contaminated
A: sickness immunity, fire resistance 2, cold vulnerability 1, float, innate
caster, hp casting, extra vitality 1
a: no special abilities


You were on level 3 of the Dungeon.
You visited 1 branch of the dungeon, and saw 3 of its levels.

You collected 133 gold pieces.

Inventory:

Armour
 a - a +0 robe (worn)
Scrolls
 b - a scroll of fear {unknown}
 d - a scroll of brand weapon {unknown}
 f - a scroll of teleportation {unknown}
 g - a scroll of amnesia {unknown}
 h - a scroll of vulnerability {unknown}
 i - a scroll of enchant armour {unknown}
 j - 2 scrolls of identify {unknown}
Potions
 c - a potion of curing {unknown}
 e - a potion of lignification {unknown}
 k - 2 potions of cancellation {unknown}
 l - a potion of might {unknown}


   Skills:
 * Level 1.0 Fighting
 * Level 2.5 Dodging
 + Level 2.0 Stealth
 * Level 3.8 Spellcasting


You couldn't memorise any spells.
You knew the following spells:

 Your Spells              Type           Power      Damage    Failure   Level
a - Foxfire               Conj/Fire      68%        2x1d7     3%          1
b - Conjure Flame         Conj/Fire      17%        6-21      10%         3
c - Inner Flame           Hex/Fire       17%        N/A       10%         3
d - Sticky Flame          Conj/Fire      17%        2d4       30%         4
e - Fireball              Conj/Fire      8%         3d6       65%         5
f - Summon Small Mammal   Summ           68%        N/A       3%          1
g - Corpse Rot            Necr/Air       N/A        N/A       4%          2
Your spell library was empty.

Dungeon Overview and Level Annotations

Branches:
Dungeon (3/15)

Altars:
Cheibriados


Innate Abilities, Weirdness & Mutations

You are immune to sickness and miasma.
You are immune to poison.
Your flesh is very heat resistant. (rF++)
You are vulnerable to cold. (rC-)
You float through the air rather than walking.
You learn spells naturally, not from books.
Your magical power is your life essence.
You have superior vitality. (+4 HP)


Message History

Unknown command.
Casting: Foxfire (safe; 3% risk of failure)
Confirm with . or Enter, or press ? or * to list all spells.
You conjure some foxfire!
The foxfire hits the orc.
You kill the orc!
Unknown command.
Casting: Foxfire (safe; 3% risk of failure)
Confirm with . or Enter, or press ? or * to list all spells.
You conjure some foxfire!
The foxfire hits the orc priest.
The orc priest is severely wounded.
The foxfire hits the orc priest.
The orc priest is severely wounded.
Unknown command.
An orc priest is nearby!
Casting: Foxfire (safe; 3% risk of failure)
Confirm with . or Enter, or press ? or * to list all spells.
You conjure some foxfire!
The foxfire hits the orc priest.
The orc priest is almost dead.
The foxfire hits the orc priest but does no damage.
The orc priest is almost dead.
The orc priest closely misses you.
The orc priest hits your foxfire with a +0 hand axe.
Sorry, you're not good enough to have a special ability.
Unknown command.
Casting: Foxfire (safe; 3% risk of failure)
Confirm with . or Enter, or press ? or * to list all spells.
You conjure some foxfire!
The foxfire hits the orc priest but does no damage.
The orc priest is almost dead.
The orc priest hits you with a +0 hand axe.
* * * LOW HITPOINT WARNING * * *
Casting: Foxfire (safe; 3% risk of failure)
Confirm with . or Enter, or press ? or * to list all spells.
You conjure some foxfire!
* * * LOW HITPOINT WARNING * * *
The foxfire hits the orc priest but does no damage.
The orc priest is almost dead.
The orc priest mumbles some strange prayers to Beogh against you.
Beogh smites you!
You die...

#......####
##########'####....#
#....#.............#
##.#................#
.#.#................#
.'..................#
.###.#..<.......§...#
..##.#.........§v...#
#.##.#.........v@o.)######
.............<.v#+#......#
.....#.##...#............#
.#####.##.#..............#
.#.....##.^...........oo....
.#†######.......#.###..#)...
.#)# ##...#####...†..#.o..
†..# .......<...........).
...# .....##............##


You could see an orc priest (ally target).

Vanquished Creatures
  3 gnolls (D:2)
  An adder (D:2)
  2 worms
  3 dart slugs
  4 orcs (D:3)
  4 ball pythons
  4 endoplasms
  4 giant cockroaches
  2 goblins
  4 hobgoblins
  5 kobolds
  3 quokkas (D:1)
  3 bats
  3 frilled lizards
  3 rats
48 creatures vanquished.

Vanquished Creatures (others)
  226 foxfires
226 creatures vanquished.

Grand Total: 274 creatures vanquished

Notes
Turn   | Place    | Note
-------+----------+-------------------------------------------
     0 | D:1      | McKennaii the Djinni Fire Elementalist began the quest for
                  | the Orb.
     0 | D:1      | Reached XP level 1. HP: 15/15 MP: 0/0
   310 | D:1      | Reached XP level 2. HP: 17/21 MP: 0/0
   642 | D:1      | Found a faded altar of an unknown god.
   963 | D:1      | Reached skill level 3 in Spellcasting
   963 | D:1      | Reached XP level 3. HP: 19/26 MP: 0/0
   963 | D:1      | Learned a level 1 spell: Summon Small Mammal
  1768 | D:2      | Reached XP level 4. HP: 24/31 MP: 0/0
  1920 | D:2      | Reached skill level 1 in Fighting
  2326 | D:2      | Found a snail-covered altar of Cheibriados.
  2863 | D:3      | Reached XP level 5. HP: 35/37 MP: 0/0
  2863 | D:3      | Learned a level 2 spell: Corpse Rot
  3025 | D:3      | Killed from afar by an orc priest

Illustrated notes

Levels and vault maps discovered:
D:1:      lemuel_arrival_lava_pool, layout_basic,
          shapermc_ecumenical_altar_mp_vishouse
D:2:      layout_basic, basic_altar, minmay_misc_feat_room
D:3:      layout_basic

Skill      XL: |  1  2  3  4  5 |
---------------+----------------+-----
Spellcasting   | 3 |  3.8
Fighting       | 1 |  1.0
Stealth        | 2 |  2.0
Dodging        | |  2.5

Action                   |  1- 3 |  4- 6 || total
-------------------------+-------+-------++-------
Melee: Unarmed           |     2 |       ||     2
 Cast: Foxfire           |    77 |    75 ||   152
  Use: Scroll            |       |     1 ||     1
Dodge: Dodged            |     4 |     6 ||    10
